[Event "European Online Club-ch-B 2021"]
[Site "Online"]
[Date "2021.03.27"]
[Round "3.9"]
[White "Santos Latasa, Jaime"]
[Black "Brunner, Nicolas"]
[Result "1-0"]
[ECO "B48"]
[WhiteElo "2608"]
[BlackElo "2418"]
[Annotator "ChessBase"]
[PlyCount "77"]
[EventDate "2021.03.27"]
[EventType "team-tourn"]
[EventCountry "NET"]
[SourceTitle "playchess.com"]
[Source "ChessBase"]
[SourceQuality "1"]
[TimeControl "900+5"]

1. e4 c5 2. Nf3 e6 3. d4 cxd4 4. Nxd4 Nc6 5. Nc3 Qc7 6. a3 a6 7. Be3 b5 8. Nxc6 Qxc6 9. Bd3 Bb7 10. Qd2 Rc8 11. Bd4 Nf6 12. e5 Ng4 13. O-O-O b4 14. axb4 Bxb4 15. Qf4 Nh6 16. Be4 Qc7 17. g4 O-O 18. Bxb7 Qxb7 19. Ne4 Rc4 20. c3 Rb8 21. Kc2 Bf8 22. Kd3 Qb5 23. Ke3 Qxb2 24. Rb1 Qxb1 25. Rxb1 Rxb1 26. Kf3 Rg1 27. h3 a5 28. Qd2 Rh1 29. Kg2 Ra1 30. Qb2 Re1 31. Nd6 Rc6 32. Qb7 a4 33. Qxd7 Ra6 34. g5 Rxd6 35. exd6 Nf5 36. Bc5 Nh4+ 37. Kh2 Nf5 38. Qe8 Rd1 39. d7 1-0

[Event "European Online Club-ch-B 2021"]
[Site "Online"]
[Date "2021.03.27"]
[Round "3.10"]
[White "Mathieu, Phileas"]
[Black "Matnadze, Ana"]
[Result "1/2-1/2"]
[ECO "B12"]
[WhiteElo "2240"]
[BlackElo "2421"]
[Annotator "NA"]
[PlyCount "133"]
[EventDate "2021.03.27"]
[EventType "team-tourn"]
[EventCountry "NET"]
[SourceTitle "playchess.com"]
[Source "ChessBase"]
[SourceQuality "1"]
[TimeControl "900+5"]

1. e4 c6 2. Nf3 d5 3. Nc3 g6 4. d4 Bg7 5. Bd3 dxe4 6. Nxe4 Nf6 7. O-O O-O 8. Nxf6+ exf6 9. c3 Nd7 10. Bf4 Re8 11. Re1 Nf8 12. Rxe8 Qxe8 13. Qc2 Bg4 14. Re1 Qd7 15. Nd2 Re8 16. Rxe8 Qxe8 17. f3 Qe1+ 18. Nf1 Be6 19. Qb1 Qxb1 20. Bxb1 Nd7 21. Ne3 f5 22. Kf2 Bf6 23. a3 Kf8 24. Ke2 Ke7 25. Bd3 Bb3 26. Bc4 Ba4 27. b3 Bb5 28. Bxb5 cxb5 29. Nd5+ Kf8 30. Kd3 Bd8 31. Bd6+ Ke8 32. c4 bxc4+ 33. bxc4 Nf6 34. Nxf6+ Bxf6 35. Be5 Bg5 36. c5 Bc1 37. a4 Kd7 38. Kc4 Be3 39. Kb5 Ke6 40. Kc4 a6 41. h3 g5 42. Bb8 h5 43. d5+ Kd7 44. Be5 g4 45. Bd4 Bf4 46. Kd3 gxh3 47. gxh3 Bg5 48. Be3 Bf6 49. Bd4 Bg5 50. Be5 Be7 51. Kc4 Bg5 52. Bc3 Be3 53. Bd4 Bg5 54. Bf2 Bf6 55. Bg3 Bg5 56. Be5 Be3 57. Bd4 Bg5 58. Kd3 Bf4 59. Bf6 Bc1 60. Bc3 Bg5 61. Bb2 Bf4 62. Kd4 Bh6 63. Kd3 Bf4 64. Bf6 Bc1 65. Be5 Bg5 66. Kc4 Be3 67. Bd4 1/2-1/2

[Event "European Online Club-ch-B 2021"]
[Site "Online"]
[Date "2021.03.27"]
[Round "3.11"]
[White "De Rover, Yong Hoon"]
[Black "Thomas, Anysia"]
[Result "1-0"]
[ECO "A37"]
[WhiteElo "2349"]
[BlackElo "2164"]
[Annotator "NA"]
[PlyCount "63"]
[EventDate "2021.03.27"]
[EventType "team-tourn"]
[EventCountry "NET"]
[SourceTitle "playchess.com"]
[Source "ChessBase"]
[SourceQuality "1"]
[TimeControl "900+5"]

1. Nf3 g6 2. c4 Bg7 3. Nc3 c5 4. g3 Nc6 5. Bg2 e6 6. d3 Nge7 7. Bg5 h6 8. Bd2 d5 9. a3 O-O 10. Rb1 b6 11. Qc1 Kh7 12. O-O Bb7 13. b4 cxb4 14. axb4 dxc4 15. dxc4 Nf5 16. Rd1 Qc8 17. e3 Ne5 18. Nxe5 Bxg2 19. Kxg2 Bxe5 20. e4 Qc6 21. f3 Ng7 22. Ne2 g5 23. b5 Qb7 24. Bc3 Bxc3 25. Qxc3 f5 26. exf5 Nxf5 27. h3 Rf7 28. Qd3 Kg7 29. Nc3 Raf8 30. Ne4 Rd7 31. Qxd7+ Qxd7 32. Rxd7+ 1-0

[Event "European Online Club-ch-B 2021"]
[Site "Online"]
[Date "2021.03.27"]
[Round "3.12"]
[White "Frantz, Nicolas"]
[Black "Grochal, Joey"]
[Result "1-0"]
[ECO "B40"]
[WhiteElo "2140"]
[BlackElo "2335"]
[Annotator "NA"]
[PlyCount "59"]
[EventDate "2021.03.27"]
[EventType "team-tourn"]
[EventCountry "NET"]
[SourceTitle "playchess.com"]
[Source "ChessBase"]
[SourceQuality "1"]
[TimeControl "900+5"]

1. e4 c5 2. Nf3 e6 3. b3 Nf6 4. e5 Nd5 5. Bb2 Nc6 6. c4 Nde7 7. Nc3 d5 8. exd6 Nf5 9. Nb5 Nxd6 10. Nxd6+ Qxd6 11. g3 e5 12. Bg2 Bf5 13. O-O Be7 14. Re1 f6 15. Ba3 O-O 16. Nh4 Be6 17. Bb2 Rad8 18. Bc3 Rd7 19. Qh5 Bf7 20. Qg4 Nd4 21. Bxd4 Qxd4 22. Be4 Bg6 23. Nxg6 hxg6 24. Qxg6 Rfd8 25. Rad1 Bf8 26. Bf5 Re7 27. Re4 Qd3 28. Rh4 Qf3 29. Rh8+ Kxh8 30. Qh7# 1-0

[Event "European Online Club-ch-B 2021"]
[Site "Online"]
[Date "2021.03.27"]
[Round "3.13"]
[White "Gorodetzky, David"]
[Black "Sorensen, Hampus"]
[Result "0-1"]
[ECO "A06"]
[WhiteElo "2495"]
[BlackElo "2395"]
[Annotator "ChessBase"]
[PlyCount "118"]
[EventDate "2021.03.27"]
[EventType "team-tourn"]
[EventCountry "NET"]
[SourceTitle "playchess.com"]
[Source "ChessBase"]
[SourceQuality "1"]
[TimeControl "900+5"]

1. b3 d5 2. Bb2 Nf6 3. Nf3 Bg4 4. g3 Bxf3 5. exf3 Nbd7 6. d4 g6 7. f4 Bg7 8. Bg2 O-O 9. Nd2 e6 10. O-O c5 11. c4 Qb6 12. cxd5 exd5 13. dxc5 Nxc5 14. Nf3 Rfd8 15. Bd4 Qa5 16. Rc1 Ne6 17. Bc3 Qa6 18. Nd4 Ne4 19. Ba1 Rd7 20. f5 Nxd4 21. Bxd4 Bxd4 22. Qxd4 gxf5 23. f3 Ng5 24. Rfe1 Qb6 25. Red1 Qxd4+ 26. Rxd4 Ne6 27. Rb4 f4 28. Kf2 fxg3+ 29. hxg3 b6 30. Rd1 Rc8 31. Rd2 Rc5 32. f4 Kg7 33. f5 Ng5 34. Rbd4 Kf6 35. g4 Ke5 36. Kg3 h6 37. R2d3 Ra5 38. a4 Rc5 39. b4 Rcc7 40. Rxd5+ Rxd5 41. Rxd5+ Kf6 42. Rd6+ Ke7 43. Rxh6 Rc4 44. Bd5 Rxb4 45. f6+ Kd6 46. Bg2 Rxa4 47. Rh5 Ne4+ 48. Bxe4 Rxe4 49. Kf3 Re1 50. g5 Ke6 51. Kf4 Rf1+ 52. Ke4 Rf5 53. Ke3 a5 54. Kd4 b5 55. Ke4 b4 56. Kd4 a4 57. Kc4 Rf4+ 58. Kb5 b3 59. Rh1 a3 0-1

[Event "European Online Club-ch-B 2021"]
[Site "Online"]
[Date "2021.03.27"]
[Round "3.14"]
[White "Agrest, Inna"]
[Black "Parkhov, Yair"]
[Result "1/2-1/2"]
[ECO "C88"]
[WhiteElo "2285"]
[BlackElo "2407"]
[Annotator "NA"]
[PlyCount "83"]
[EventDate "2021.03.27"]
[EventType "team-tourn"]
[EventCountry "NET"]
[SourceTitle "playchess.com"]
[Source "ChessBase"]
[SourceQuality "1"]
[TimeControl "900+5"]

1. e4 e5 2. Nf3 Nc6 3. Bb5 a6 4. Ba4 Nf6 5. O-O Be7 6. Re1 b5 7. Bb3 O-O 8. h3 Bb7 9. d3 d5 10. exd5 Nxd5 11. Nxe5 Nd4 12. Nc3 Nb4 13. Be3 Nxb3 14. axb3 f6 15. Nf3 Bxf3 16. gxf3 Qd7 17. Kg2 f5 18. f4 Bd6 19. Rc1 Rf6 20. Qf3 Raf8 21. Nd5 Rg6+ 22. Kh1 Qc6 23. c4 Nxd5 24. cxd5 Qd7 25. Bc5 Rd8 26. d4 h6 27. b4 Kh7 28. b3 Qf7 29. Re3 Rd7 30. Rc2 Qg8 31. Rc1 Qa8 32. Rc2 Qd8 33. Rc1 Qf6 34. Bxd6 cxd6 35. Rd1 Qf7 36. Rde1 Rc7 37. Re6 Rf6 38. Kh2 Rg6 39. Qd3 Rf6 40. Qf3 Rg6 41. Qd3 Rf6 42. Qf3 1/2-1/2

[Event "European Online Club-ch-B 2021"]
[Site "Online"]
[Date "2021.03.27"]
[Round "3.15"]
[White "Veinberg, Nimrod"]
[Black "Wengholm, Anders"]
[Result "1-0"]
[ECO "A41"]
[WhiteElo "2404"]
[BlackElo "2198"]
[Annotator "NA"]
[PlyCount "29"]
[EventDate "2021.03.27"]
[EventType "team-tourn"]
[EventCountry "NET"]
[SourceTitle "playchess.com"]
[Source "ChessBase"]
[SourceQuality "1"]
[TimeControl "900+5"]

1. d4 d6 2. c4 e5 3. d5 f5 4. e4 Nf6 5. Nc3 fxe4 6. Bg5 Bf5 7. Nge2 Be7 8. Ng3 Bg6 9. h4 h6 10. Bxf6 Bxf6 11. Ncxe4 Bxh4 12. Qg4 Bxe4 13. Rxh4 g5 14. Qh5+ Kf8 15. Rxe4 1-0

[Event "European Online Club-ch-B 2021"]
[Site "Online"]
[Date "2021.03.27"]
[Round "3.16"]
[White "Bjorklund, Thomas"]
[Black "Zlatin, Alexander"]
[Result "0-1"]
[ECO "C53"]
[WhiteElo "2174"]
[BlackElo "2343"]
[Annotator "NA"]
[PlyCount "106"]
[EventDate "2021.03.27"]
[EventType "team-tourn"]
[EventCountry "NET"]
[SourceTitle "playchess.com"]
[Source "ChessBase"]
[SourceQuality "1"]
[TimeControl "900+5"]

1. e4 e5 2. Nf3 Nc6 3. Bc4 Bc5 4. b4 Bb6 5. c3 d6 6. a4 a5 7. b5 Nce7 8. Qb3 Nh6 9. d4 Neg8 10. dxe5 dxe5 11. Ba3 Qf6 12. Nbd2 Bg4 13. h3 Bxf3 14. Nxf3 Ne7 15. Rd1 Ng6 16. Rd5 Ng8 17. O-O N8e7 18. Rd2 O-O 19. Rfd1 Nf4 20. Rd7 Rae8 21. Bxe7 Rxe7 22. Rxe7 Qxe7 23. Bd5 Qf6 24. c4 Qg6 25. Nh4 Qg5 26. g3 Nxh3+ 27. Kg2 Nxf2 28. Rf1 Ng4 29. Rxf7 Rxf7 30. Bxf7+ Kxf7 31. c5+ Kf8 32. cxb6 Qd2+ 33. Kh3 Nf2+ 34. Kg2 Nxe4+ 35. Kf3 Nf6 36. Qa3+ Kg8 37. Qb3+ Kh8 38. Qe3 e4+ 39. Kf4 Nd5+ 40. Kxe4 Qxe3+ 41. Kxd5 Qxb6 42. Nf5 c6+ 43. bxc6 Qxc6+ 44. Ke5 Qxa4 45. Nd6 Qa1+ 46. Ke6 Qe1+ 47. Kf7 Qxg3 48. Kf8 Qxd6+ 49. Kf7 Qf6+ 50. Ke8 g5 51. Kd7 g4 52. Kc7 g3 53. Kb8 g2 0-1

[Event "European Online Club-ch-B 2021"]
[Site "Online"]
[Date "2021.03.27"]
[Round "3.17"]
[White "Efimov, Igor"]
[Black "Demidov, Mikhail"]
[Result "0-1"]
[ECO "B06"]
[WhiteElo "2416"]
[BlackElo "2523"]
[Annotator "ChessBase"]
[PlyCount "66"]
[EventDate "2021.03.27"]
[EventType "team-tourn"]
[EventCountry "NET"]
[SourceTitle "playchess.com"]
[Source "ChessBase"]
[SourceQuality "1"]
[TimeControl "900+5"]

1. d4 g6 2. Nc3 Bg7 3. e4 d6 4. Bg5 h6 5. Be3 a6 6. Qd2 b5 7. f3 Bb7 8. a4 b4 9. Nd1 a5 10. c3 bxc3 11. bxc3 Nf6 12. Nf2 h5 13. Ngh3 O-O 14. Ng5 Nbd7 15. Bc4 Nb6 16. Bd3 Ba6 17. O-O Bxd3 18. Qxd3 Qd7 19. Qb5 Qxb5 20. axb5 Nc4 21. Bf4 Rfb8 22. Rfb1 Nd7 23. Nd3 a4 24. Nb2 Ncb6 25. Ra3 Ra5 26. Rba1 e5 27. Be3 Rxb5 28. Nxa4 Nc4 29. Kf2 Nxa3 30. Rxa3 Ra8 31. Nc5 Rxa3 32. Nxd7 Rb2+ 33. Kg3 Rxc3 0-1

[Event "European Online Club-ch-B 2021"]
[Site "Online"]
[Date "2021.03.27"]
[Round "3.18"]
[White "Andriasyan, Siranush"]
[Black "Bagheri, Amir"]
[Result "0-1"]
[ECO "B15"]
[WhiteElo "2298"]
[BlackElo "2348"]
[Annotator "NA"]
[PlyCount "58"]
[EventDate "2021.03.27"]
[EventType "team-tourn"]
[EventCountry "NET"]
[SourceTitle "playchess.com"]
[Source "ChessBase"]
[SourceQuality "1"]
[TimeControl "900+5"]

1. e4 c6 2. d4 d5 3. Nc3 dxe4 4. Nxe4 Nf6 5. Nxf6+ exf6 6. c3 Be6 7. Bd3 Bd6 8. Qc2 Nd7 9. Ne2 Qc7 10. g3 h5 11. Bf4 h4 12. Bxd6 Qxd6 13. Nf4 O-O-O 14. Qa4 Bg4 15. Qxa7 g5 16. Qa8+ Kc7 17. Qa5+ Kb8 18. Ng2 Ne5 19. Kd2 c5 20. Ne3 cxd4 21. Nxg4 dxc3+ 22. Qxc3 Nxg4 23. Rhd1 Nxf2 24. Ke2 hxg3 25. hxg3 Nxd1 26. Rxd1 Qxg3 27. Qxf6 Rh2+ 28. Kf1 Qg2+ 29. Ke1 Re8+ 0-1

[Event "European Online Club-ch-B 2021"]
[Site "Online"]
[Date "2021.03.27"]
[Round "3.19"]
[White "Villegas, Pierre"]
[Black "Naudion, Gregoire"]
[Result "1-0"]
[ECO "A40"]
[WhiteElo "2367"]
[BlackElo "2146"]
[Annotator "NA"]
[PlyCount "75"]
[EventDate "2021.03.27"]
[EventType "team-tourn"]
[EventCountry "NET"]
[SourceTitle "playchess.com"]
[Source "ChessBase"]
[SourceQuality "1"]
[TimeControl "900+5"]

1. d4 g6 2. c4 Bg7 3. Nc3 c5 4. d5 Bxc3+ 5. bxc3 f5 6. h4 Nf6 7. h5 Rg8 8. hxg6 hxg6 9. Qa4 Qb6 10. Nf3 Qa6 11. Qxa6 Nxa6 12. Ng5 d6 13. f3 Nc7 14. e4 fxe4 15. fxe4 Bd7 16. Be2 O-O-O 17. e5 dxe5 18. Nf7 Rdf8 19. Nxe5 Bf5 20. Be3 Na6 21. g4 Be4 22. Rf1 Nd7 23. Nf7 b6 24. Bh6 Re8 25. Ng5 Bc2 26. Kd2 Ba4 27. Rae1 Rh8 28. Nf7 Rh7 29. Be3 Rf8 30. Ng5 Rxf1 31. Rxf1 Rh2 32. Nf3 Rg2 33. Nh4 Rh2 34. Nxg6 Nf6 35. Nxe7+ Kd7 36. Rxf6 Kxe7 37. g5 Bd7 38. Bf4 1-0

[Event "European Online Club-ch-B 2021"]
[Site "Online"]
[Date "2021.03.27"]
[Round "3.20"]
[White "Ferey, Antonin"]
[Black "Meylan, Andre"]
[Result "1-0"]
[ECO "E17"]
[WhiteElo "2148"]
[BlackElo "2205"]
[Annotator "NA"]
[PlyCount "73"]
[EventDate "2021.03.27"]
[EventType "team-tourn"]
[EventCountry "NET"]
[SourceTitle "playchess.com"]
[Source "ChessBase"]
[SourceQuality "1"]
[TimeControl "900+5"]

1. d4 e6 2. Nf3 Nf6 3. c4 b6 4. g3 Bb7 5. Bg2 Be7 6. O-O O-O 7. d5 exd5 8. cxd5 c6 9. d6 Bxd6 10. Qxd6 Re8 11. Nc3 Re6 12. Qd1 d5 13. Re1 Nbd7 14. Nd4 Re8 15. Nf5 Nc5 16. Bf4 Ba6 17. Nd4 Qd7 18. Rc1 Rac8 19. b4 Nce4 20. Nxe4 Nxe4 21. Qa4 Bc4 22. Nf3 f6 23. Bf1 g5 24. Be3 h5 25. Nd2 Nd6 26. Qc2 Kg7 27. Nxc4 Nxc4 28. Bd4 c5 29. bxc5 bxc5 30. Ba1 Nd6 31. Rcd1 d4 32. e3 Nf5 33. exd4 cxd4 34. Qd3 Qd5 35. Rxe8 Rxe8 36. Bxd4 Qxa2 37. Qxf5 1-0

[Event "European Online Club-ch-B 2021"]
[Site "Online"]
[Date "2021.03.27"]
[Round "4.1"]
[White "Chlpik, Martin"]
[Black "Andriasyan, Siranush"]
[Result "1-0"]
[ECO "D00"]
[WhiteElo "2199"]
[BlackElo "2298"]
[Annotator "NA"]
[PlyCount "71"]
[EventDate "2021.03.27"]
[EventType "team-tourn"]
[EventCountry "NET"]
[SourceTitle "playchess.com"]
[Source "ChessBase"]
[SourceQuality "1"]
[TimeControl "900+5"]

1. d4 Nf6 2. Bf4 d5 3. e3 Bf5 4. c4 e6 5. Qb3 b6 6. Nf3 Be7 7. cxd5 exd5 8. Bb5+ Bd7 9. Ne5 c6 10. Nxd7 Qxd7 11. Bd3 Nh5 12. Bg3 Qe6 13. Nc3 Nxg3 14. hxg3 f5 15. Ne2 O-O 16. Nf4 Qd6 17. g4 Bg5 18. g3 Bxf4 19. gxf4 c5 20. dxc5 bxc5 21. Bxf5 g6 22. Be4 c4 23. Qb7 Nd7 24. Qxd5+ Qxd5 25. Bxd5+ Kg7 26. Bxa8 Rxa8 27. Ke2 Rb8 28. Rab1 Nc5 29. Rhc1 Rb4 30. b3 Ne4 31. f3 Nd6 32. bxc4 Ra4 33. c5 Rxa2+ 34. Kd3 Nc8 35. g5 a5 36. Rb7+ 1-0

[Event "European Online Club-ch-B 2021"]
[Site "Online"]
[Date "2021.03.27"]
[Round "4.2"]
[White "Naudion, Gregoire"]
[Black "Solcan, Martin"]
[Result "1-0"]
[ECO "E81"]
[WhiteElo "2146"]
[BlackElo "2076"]
[Annotator "NA"]
[PlyCount "69"]
[EventDate "2021.03.27"]
[EventType "team-tourn"]
[EventCountry "NET"]
[SourceTitle "playchess.com"]
[Source "ChessBase"]
[SourceQuality "1"]
[TimeControl "900+5"]

1. d4 Nf6 2. c4 g6 3. Nc3 Bg7 4. e4 d6 5. Bg5 O-O 6. f3 c5 7. d5 Qa5 8. Qd2 a6 9. a4 Bd7 10. Ra3 Qb4 11. Bd3 e6 12. Nge2 exd5 13. exd5 Be8 14. Qc2 Ra7 15. Bd2 Qb6 16. a5 Qd8 17. O-O Nbd7 18. Na4 Ne5 19. Nb6 Nfd7 20. Rb3 Nxd3 21. Qxd3 Nxb6 22. Rxb6 Bd7 23. Ng3 h5 24. Bc3 h4 25. Ne4 Be5 26. Bxe5 dxe5 27. Qe3 Bf5 28. Nf6+ Kg7 29. Qxe5 Kh6 30. g4 hxg3 31. hxg3 Qb8 32. d6 Qd8 33. Kf2 Rh8 34. Rh1+ Kg7 35. Ne8+ 1-0

[Event "European Online Club-ch-B 2021"]
[Site "Online"]
[Date "2021.03.27"]
[Round "4.3"]
[White "Lecky, Juraj"]
[Black "Pillard, Valentin"]
[Result "0-1"]
[ECO "C78"]
[WhiteElo "2070"]
[BlackElo "2103"]
[Annotator "NA"]
[PlyCount "62"]
[EventDate "2021.03.27"]
[EventType "team-tourn"]
[EventCountry "NET"]
[SourceTitle "playchess.com"]
[Source "ChessBase"]
[SourceQuality "1"]
[TimeControl "900+5"]

1. e4 e5 2. Nf3 Nc6 3. Bb5 a6 4. Ba4 Nf6 5. O-O Bc5 6. c3 O-O 7. d4 Ba7 8. Re1 b5 9. Bb3 d6 10. h3 Bb7 11. a4 exd4 12. cxd4 Na5 13. Bc2 b4 14. Nbd2 Re8 15. Qe2 c5 16. Qd3 c4 17. Qe3 Nd5 18. Qe2 b3 19. Bb1 c3 20. bxc3 Nxc3 21. Qd3 Nxb1 22. Rxb1 Rc8 23. Nxb3 Nxb3 24. Rxb3 Bxe4 25. Rxe4 Rxc1+ 26. Kh2 Rxe4 27. Qxe4 d5 28. Qf5 g6 29. Qg4 Qc7+ 30. g3 Qc2 31. Rb7 Qxf2# 0-1

[Event "European Online Club-ch-B 2021"]
[Site "Online"]
[Date "2021.03.27"]
[Round "4.4"]
[White "Ferey, Antonin"]
[Black "Nikel, Rastislav"]
[Result "1-0"]
[ECO "D61"]
[WhiteElo "2148"]
[BlackElo "1984"]
[Annotator "NA"]
[PlyCount "51"]
[EventDate "2021.03.27"]
[EventType "team-tourn"]
[EventCountry "NET"]
[SourceTitle "playchess.com"]
[Source "ChessBase"]
[SourceQuality "1"]
[TimeControl "900+5"]

1. d4 d5 2. c4 c6 3. Nf3 Nf6 4. Nc3 e6 5. Bg5 h6 6. Bf4 Be7 7. e3 O-O 8. Qc2 Nbd7 9. g4 dxc4 10. g5 Nd5 11. gxh6 Nxf4 12. hxg7 Re8 13. exf4 b5 14. Ne4 f5 15. Neg5 Nf6 16. O-O-O Nd5 17. h4 Nxf4 18. Kb1 Bf6 19. Qd2 Nh5 20. Be2 Nxg7 21. h5 Re7 22. h6 Ne8 23. Rdg1 Kf8 24. Qf4 c5 25. Ne5 Bxe5 26. dxe5 1-0

[Event "European Online Club-ch-B 2021"]
[Site "Online"]
[Date "2021.03.27"]
[Round "4.5"]
[White "Sorensen, Hampus"]
[Black "Efimov, Igor"]
[Result "1/2-1/2"]
[ECO "E10"]
[WhiteElo "2395"]
[BlackElo "2416"]
[Annotator "NA"]
[PlyCount "93"]
[EventDate "2021.03.27"]
[EventType "team-tourn"]
[EventCountry "NET"]
[SourceTitle "playchess.com"]
[Source "ChessBase"]
[SourceQuality "1"]
[TimeControl "900+5"]

1. d4 Nf6 2. c4 e6 3. Nf3 a6 4. Nc3 c5 5. d5 exd5 6. cxd5 b5 7. e4 d6 8. Bd3 Bg4 9. a4 b4 10. Nb1 Nbd7 11. Nbd2 g6 12. b3 Bg7 13. Bb2 O-O 14. Qc2 Nh5 15. O-O Bxb2 16. Qxb2 Nf4 17. Bc4 Re8 18. Rae1 a5 19. Bb5 Rb8 20. Bxd7 Qxd7 21. Re3 Bxf3 22. Nxf3 Qg4 23. g3 Nh3+ 24. Kg2 Rxe4 25. Rxe4 Qxe4 26. Qf6 Qxd5 27. Kxh3 Qxb3 28. Qxd6 Qe6+ 29. Qxe6 fxe6 30. Nd2 b3 31. Rb1 b2 32. Nc4 Rb4 33. Nxa5 c4 34. Nxc4 Rxc4 35. Rxb2 Rxa4 36. Rb7 Re4 37. f4 Re2 38. g4 e5 39. fxe5 Rxe5 40. Kg3 Rc5 41. h4 h6 42. Rb8+ Kg7 43. Rb7+ Kf6 44. Rb6+ Kg7 45. Rb7+ Kf6 46. Rb6+ Kg7 47. Rb7+ 1/2-1/2

[Event "European Online Club-ch-B 2021"]
[Site "Online"]
[Date "2021.03.27"]
[Round "4.6"]
[White "Bagheri, Amir"]
[Black "Agrest, Inna"]
[Result "1-0"]
[ECO "D03"]
[WhiteElo "2348"]
[BlackElo "2285"]
[Annotator "NA"]
[PlyCount "69"]
[EventDate "2021.03.27"]
[EventType "team-tourn"]
[EventCountry "NET"]
[SourceTitle "playchess.com"]
[Source "ChessBase"]
[SourceQuality "1"]
[TimeControl "900+5"]

1. d4 Nf6 2. Nf3 g6 3. Bg5 Bg7 4. Nbd2 d5 5. e3 O-O 6. Bd3 c5 7. c3 Nc6 8. O-O b6 9. Qb1 Bb7 10. b4 cxb4 11. cxb4 Rc8 12. Rc1 Qd6 13. a3 Nd7 14. Bf4 e5 15. dxe5 Ncxe5 16. Rxc8 Rxc8 17. Nd4 Qe7 18. Bb5 Nc4 19. N2f3 Nf6 20. Qa2 Ne4 21. Rc1 a6 22. Ba4 Qf6 23. h3 g5 24. Bh2 h5 25. Bd7 Rd8 26. Bf5 Ned6 27. g4 b5 28. a4 Bf8 29. axb5 axb5 30. Qb1 Ne4 31. Qd3 Ra8 32. Nxb5 Ncd6 33. Nxd6 Nxd6 34. Bh7+ Kg7 35. Be5 1-0

[Event "European Online Club-ch-B 2021"]
[Site "Online"]
[Date "2021.03.27"]
[Round "4.7"]
[White "Wengholm, Anders"]
[Black "Villegas, Pierre"]
[Result "1-0"]
[ECO "A09"]
[WhiteElo "2198"]
[BlackElo "2367"]
[Annotator "NA"]
[PlyCount "81"]
[EventDate "2021.03.27"]
[EventType "team-tourn"]
[EventCountry "NET"]
[SourceTitle "playchess.com"]
[Source "ChessBase"]
[SourceQuality "1"]
[TimeControl "900+5"]

1. Nf3 d5 2. g3 Nf6 3. Bg2 c5 4. O-O Nc6 5. c4 d4 6. e3 e5 7. exd4 exd4 8. d3 Be7 9. Re1 O-O 10. Bg5 h6 11. Bxf6 Bxf6 12. Nbd2 Bf5 13. Ne4 Be7 14. a3 Qd7 15. Rb1 Rfe8 16. Qa4 Bf8 17. Nh4 Bh7 18. f4 f5 19. Nd2 Rxe1+ 20. Rxe1 Re8 21. Qd1 g5 22. Bd5+ Kh8 23. Ng2 gxf4 24. Nxf4 Bd6 25. Nf3 Re3 26. Ng2 Re7 27. Qd2 Rxe1+ 28. Nfxe1 Bf8 29. Qe2 Bg7 30. Nf3 Bg8 31. Nf4 Bxd5 32. cxd5 Nd8 33. Ne5 Bxe5 34. Qxe5+ Kh7 35. Ne6 Nxe6 36. dxe6 Qa4 37. Qxf5+ Kg7 38. Qf7+ Kh8 39. e7 Qd1+ 40. Kg2 Qe2+ 41. Kh3 1-0

[Event "European Online Club-ch-B 2021"]
[Site "Online"]
[Date "2021.03.27"]
[Round "4.8"]
[White "Meylan, Andre"]
[Black "Bjorklund, Thomas"]
[Result "1-0"]
[ECO "B85"]
[WhiteElo "2205"]
[BlackElo "2174"]
[Annotator "NA"]
[PlyCount "189"]
[EventDate "2021.03.27"]
[EventType "team-tourn"]
[EventCountry "NET"]
[SourceTitle "playchess.com"]
[Source "ChessBase"]
[SourceQuality "1"]
[TimeControl "900+5"]

1. e4 c5 2. Nf3 d6 3. d4 cxd4 4. Nxd4 Nf6 5. Nc3 a6 6. a4 Nc6 7. Be2 e6 8. O-O Be7 9. Be3 O-O 10. f4 Bd7 11. Bf3 Rc8 12. Nb3 e5 13. f5 Na5 14. Nxa5 Qxa5 15. Qd2 Qb4 16. Ra3 Qc4 17. Rb3 b5 18. Be2 Nxe4 19. Bxc4 Nxd2 20. Bxf7+ Rxf7 21. Bxd2 bxa4 22. Rb6 Rxf5 23. Rb7 Rxf1+ 24. Kxf1 Rd8 25. Ra7 Kf8 26. Rxa6 Rb8 27. Ra7 Ke8 28. Bc1 Bf5 29. Nd5 Bf6 30. c3 Bc2 31. Ke1 Be4 32. Nxf6+ gxf6 33. g3 d5 34. Rxa4 Kd7 35. Ra6 Rf8 36. b4 f5 37. Be3 f4 38. gxf4 exf4 39. Bc5 Rg8 40. Rf6 f3 41. b5 Ra8 42. b6 Ra1+ 43. Kf2 Rb1 44. h4 Rb2+ 45. Kg3 Rg2+ 46. Kh3 Rb2 47. h5 Rb3 48. Bd4 Ke7 49. Rf4 Kd7 50. Kg3 Rb1 51. Rf7+ Kc6 52. Rf6+ Kd7 53. Rf7+ Ke6 54. Rf6+ Ke7 55. Rf4 Rb2 56. c4 Rg2+ 57. Kh3 Kd7 58. cxd5 Bxd5 59. Rf6 Rd2 60. Be3 Rd3 61. Bf2 Rd2 62. Kg3 Rb2 63. h6 Be4 64. Rf7+ Ke6 65. Rf4 Bc6 66. Bd4 Rb5 67. Rf6+ Kd5 68. Bf2 Be8 69. Rf5+ Kd6 70. Rxf3 Kc6 71. Rc3+ Kb7 72. Rc7+ Kb8 73. Rxh7 Rg5+ 74. Kf4 Rg6 75. Rh8 Kb7 76. Rxe8 Rxh6 77. Re7+ Kb8 78. Bd4 Rh4+ 79. Ke3 Rh3+ 80. Ke4 Rb3 81. Kd5 Kc8 82. Bc5 Kd8 83. Rh7 Rg3 84. b7 Rb3 85. Kc6 Ke8 86. b8=Q+ Rxb8 87. Rh8+ Kf7 88. Rxb8 Ke6 89. Re8+ Kf5 90. Kd5 Kg4 91. Rf8 Kh3 92. Rg8 Kh2 93. Ke4 Kh1 94. Kf3 Kh2 95. Rh8# 1-0

[Event "European Online Club-ch-B 2021"]
[Site "Online"]
[Date "2021.03.27"]
[Round "4.9"]
[White "Brunner, Nicolas"]
[Black "Gorodetzky, David"]
[Result "1-0"]
[ECO "D66"]
[WhiteElo "2418"]
[BlackElo "2495"]
[Annotator "ChessBase"]
[PlyCount "85"]
[EventDate "2021.03.27"]
[EventType "team-tourn"]
[EventCountry "NET"]
[SourceTitle "playchess.com"]
[Source "ChessBase"]
[SourceQuality "1"]
[TimeControl "900+5"]

1. d4 Nf6 2. c4 e6 3. Nf3 d5 4. Nc3 c6 5. Bg5 h6 6. Bh4 Be7 7. e3 Nbd7 8. Rc1 O-O 9. Bd3 dxc4 10. Bxc4 b5 11. Bd3 Bb7 12. O-O a6 13. a4 Rc8 14. Bxf6 Nxf6 15. Ne5 b4 16. Ne4 c5 17. Nxc5 Bxc5 18. dxc5 Qd5 19. Qf3 Qxe5 20. Qxb7 a5 21. c6 Qxb2 22. c7 Nd5 23. Rc5 Qe5 24. Rfc1 b3 25. Qxb3 Rxc7 26. Rxc7 Nxc7 27. Qb6 Rd8 28. Bf1 Rd7 29. g3 g6 30. Rc5 Nd5 31. Qxa5 Kg7 32. Qb5 Qd6 33. Rc6 Qe7 34. Qb2+ e5 35. a5 Rb7 36. Qa1 Ra7 37. a6 Nb4 38. Rb6 Nd5 39. Rb5 Nb4 40. Qxe5+ Qxe5 41. Rxe5 Kf6 42. Rb5 Nc6 43. Rb6 1-0